 Dungeon Crawl Stone Soup version 0.32-a0-699-g1ee5eff69a (webtiles) character file.

Game seed: 15835618059379385236

20 Pooter the Chopper (level 2, -2/40 HPs)
             Began as a Minotaur Berserker on Mar 14, 2024.
             Was a Follower of Trog.
             Slain by an adder (3 damage)
             ... on level 2 of the Dungeon.
             The game lasted 00:02:23 (695 turns).

Pooter the Chopper (Minotaur Berserker)              Turns: 695, Time: 00:02:23

Health: -2/40      AC: 21    Str: 21    XL:     2   Next: 58%
Magic:  1/1        EV:  2    Int:  4    God:    Trog [*.....]
Gold:   59         SH:  0    Dex:  9    Spells: 1/1 levels left

rFire   . . .        a - +0 hand axe
rCold   . . .        (no shield)
rNeg    . . .        b - melded +0 animal skin
rPois   +            (helmet currently unavailable)
rElec   .            (cloak currently unavailable)
rCorr   .            (gloves currently unavailable)
SInv    .            (boots currently unavailable)
Will    .....        (no amulet)
Stlth   +            (no ring)
HPRegen 0.26/turn    (no ring)
MPRegen 0.07/turn

%: no passive effects
@: lethally poisoned (-2 -> -6), tree-form
A: stationary, stasis, torment immunity, boosted hp, (horns 2), (retaliatory
headbutt)
a: Renounce Religion, Berserk


You were on level 2 of the Dungeon.
You worshipped Trog.
Trog was aware of your devotion.
You were a tree.
You visited 1 branch of the dungeon, and saw 2 of its levels.

You collected 59 gold pieces.

Inventory:

Hand Weapons
 a - a +0 hand axe (weapon)
Missiles
 Q - 8 stones (quivered)
Armour
 b - a +0 animal skin (melded)
Scrolls
 c - a scroll of fog


   Skills:
 + Level 3.9 Fighting
 * Level 4.1 Axes
 * Level 1.3 Throwing
 - Level 2.4 Armour
 - Level 2.1 Dodging


You had one spell level left.
You didn't know any spells.
Your spell library was empty.

Dungeon Overview and Level Annotations

Branches:
Dungeon (2/15) Zot: 11299

Altars:


Innate Abilities, Weirdness & Mutations

You are a tree.
Your roots penetrate the ground, keeping you stationary.
You cannot be teleported.
You are immune to unholy pain and torment.
Your maximum health is greatly increased.
Your equipment is partially melded.
((You have a pair of horns on your head.))
((You reflexively headbutt those who attack you in melee.))


Message History

a +0 club; a goblin corpse; a frilled lizard corpse
There is a stone staircase leading down here.
You climb downwards.
There is a stone staircase leading up here.
An endoplasm comes into view.
A kobold comes into view. It is wielding a +0 club.
The kobold shouts!
You hear an angry hiss.
An adder comes into view.
You hit the kobold.
You kill the kobold!
Trog accepts your kill.
You barely miss the adder.
An adder comes into view.
The adder bites you.
You are poisoned.
The adder poisons you! The adder bites you but does no damage.
The adder moves out of view.
You closely miss the adder. Your headbutt misses the adder.
You hit the endoplasm.
You feel sick. The adder bites you.
You are more poisoned.
The adder poisons you! The endoplasm freezes you.
You are frozen.
You hit the endoplasm. Your headbutt misses the endoplasm.
You closely miss the adder.
You feel sick. The adder bites you.
* * * LOW HITPOINT WARNING * * *
You are more poisoned.
The adder poisons you! The endoplasm closely misses you.
The adder barely misses you.
You fail to use your ability.
* * * LOW HITPOINT WARNING * * *
You feel very sick. The adder barely misses you. You furiously retaliate!
You headbutt the adder. The endoplasm misses you.
You barely miss the adder. You hit the endoplasm but do no damage.
* * * LOW HITPOINT WARNING * * *
You feel sick. The adder misses you. The endoplasm hits you.
* * * LOW HITPOINT WARNING * * *
You turn into a tree.
Your +0 animal skin melds into your body.
Your roots penetrate the ground.
You feel sick. The adder bites you but does no damage.
The endoplasm freezes you.
You are frozen.
* * * LOW HITPOINT WARNING * * *
The adder bites you but does no damage.
You closely miss the adder. You hit the endoplasm but do no damage.
* * * LOW HITPOINT WARNING * * *
You feel sick. The adder bites you.
You die...

.........#######
#...<.......#
#..##.#####.# #.
##.## # #...#
#...# #...#
##.## #♣..#
#..SJ...#
#...........
#.#.....####
#.##...## #
##.## #.# .#


You could see an adder and an endoplasm.

Vanquished Creatures
  A dart slug (D:1)
  3 bats (D:1)
  An endoplasm (D:1)
  A giant cockroach (D:1)
  2 goblins (D:1)
  A hobgoblin (D:1)
  2 kobolds
  3 quokkas (D:1)
  A ball python (D:1)
  A frilled lizard (D:1)
16 creatures vanquished.

Notes
Turn   | Place    | Note
-------+----------+-------------------------------------------
     0 | D:1      | Pooter the Minotaur Berserker began the quest for the Orb.
     0 | D:1      | Reached XP level 1. HP: 19/19 MP: 0/0
   405 | D:1      | Reached XP level 2. HP: 27/27 MP: 1/1
   418 | D:1      | Found a faded altar of an unknown god.
   424 | D:1      | Reached skill level 1 in Throwing
   446 | D:1      | Reached skill level 4 in Axes
   695 | D:2      | HP: 1/40 [poisoned by an adder]
   695 | D:2      | Slain by an adder

Illustrated notes

Levels and vault maps discovered:
D:1:      heliophobic_arrival_ceremonial_halls, layout_basic,
          shapermc_ecumenical_altar_notcrosses
D:2:      minmay_inner_zag, layout_loops_ring, basic_altar

Skill      XL: |  1  2 |
---------------+-------+-----
Throwing       | 1 |  1.3
Axes           | 4 |  4.1
Fighting       | |  3.9
Armour         | |  2.4
Dodging        | |  2.1

Action                     || total
---------------------------++-------
  Melee: Hand axe          ||    36
         Headbutt          ||     4
    Use: Scroll            ||     2
         Potion            ||     1
 Armour: Animal skin       ||    22
         Skin              ||     3
  Dodge: Dodged            ||    32

Table legend: (Time is in decaauts)
 A = Elapsed time spent in this place.
 B = Non-inter-level travel time spent in this place.
 C = Inter-level travel time spent in this place.
 D = Time resting spent in this place.
 E = Time spent auto-exploring this place.
 F = Levels seen in this place.
 G = Mean time per level.
                   A        B        C        D        E       F      G
               +--------+--------+--------+--------+--------+-----+--------+
         Total |    699 |    668 |     31 |      0 |    553 |   2 |  349.5 |
       Dungeon |    699 |    668 |     31 |      0 |    553 |   2 |  349.5 |
               +--------+--------+--------+--------+--------+-----+--------+

Top non-repeatable levels by time:
     D:1: 682 daAuts
     D:2: 17 daAuts
